Map: Ulrena

Players

FlashCP

  • Race: Protoss Protoss
  • League: Platinum

LilDicky - Winner!

  • Race: Terran Terran
  • League: Diamond

VOD

http://www.twitch.tv/tumescentpie

Description

Time

  • Played on: Jan. 2, 2016, 2:25 p.m.
  • Length: 6:04
Show
View Real Time Build Order
Export as new Build Order

FlashCP Protoss 

Build Orders: 1 Gate Expand 

Get SALT Encoding   

  12  0:02  Probe (Chrono Boost)  
  13  0:12  Probe (Chrono Boost)  
  14  0:18  Pylon  
  14  0:23  Probe (Chrono Boost)  
  15  0:36  Gateway  
  15  0:38  Probe (Chrono Boost)  
  16  0:48  Probe (Chrono Boost), Assimilator  
  17  0:59  Probe (Chrono Boost)  
  18  1:09  Probe (Chrono Boost)  
  19  1:20  Probe (Chrono Boost)  
  20  1:30  Nexus  
  20  1:39  Cybernetics Core  
  20  1:41  Probe (Chrono Boost)  
  21  1:52  Probe (Chrono Boost), Assimilator  
  22  1:58  Pylon  
  22  2:03  Probe (Chrono Boost)  
  23  2:11  Pylon  
  23  2:13  Warp Gate (Chrono Boost)  
  23  2:17  Adept  
  25  2:31  Mothership Core  
  27  2:43  Robotics Facility  
  27  2:49  Probe  
  28  2:52  Probe  
  29  3:00  Probe  
  29  3:01  Adept  
  29  3:04  Gateway  
  32  3:09  Probe  
  32  3:10  Probe  
  34  3:25  Probe  
  34  3:26  Probe  
  36  3:31  Pylon  
  37  3:34  Observer (Chrono Boost)  
  37  3:37  Stalker  
  37  3:38  Probe x2  
  35  4:01  Probe x2  
  35  4:06  Observer (Chrono Boost)  
  36  4:13  Probe  
  36  4:14  Probe  
  38  4:21  Gateway x2  
  35  4:33  Probe x2  
  37  4:42  Observer (Chrono Boost)  
  37  4:43  Stalker  
  37  4:44  Stalker  
  42  5:01  Probe x2  
  44  5:07  Stalker x2  
  44  5:13  Probe x2  
  50  5:18  Observer (Chrono Boost)  
  51  5:33  Adept x3  
  51  5:34  Adept  
  50  5:54  Stalker x3  
Show
View Real Time Build Order
Export as new Build Order

LilDicky Terran - Winner!

Build Orders: MMM Bio 

Get SALT Encoding   

  12  0:01  SCV  
  13  0:13  SCV  
  14  0:18  Supply Depot  
  14  0:25  SCV  
  15  0:30  Refinery  
  15  0:39  SCV  
  16  0:47  Barracks  
  16  0:54  SCV  
  17  1:06  SCV  
  18  1:18  SCV  
  19  1:30  SCV  
  20  1:33  Supply Depot  
  20  1:34  Marine  
  21  1:42  Factory  
  21  1:44  Orbital Command  
  21  1:52  Marine  
  22  2:05  Barracks  
  22  2:09  Barracks  
  22  2:17  SCV  
  22  2:21  Barracks Reactor  
  23  2:26  Supply Depot  
  23  2:37  SCV  
  24  2:45  Refinery  
  24  2:50  SCV  
  24  2:54  Barracks Tech Lab  
  24  2:56  Barracks Tech Lab  
  24  3:02  SCV  
  24  3:03  Supply Depot, Marine  
  24  3:04  Marine  
  27  3:11  Widow Mine  
  29  3:14  SCV, Marine  
  29  3:17  Stimpack, Marine  
  32  3:20  Combat Shields  
  32  3:21  Marine  
  32  3:24  Marine  
  34  3:30  SCV  
  34  3:34  Marauder  
  37  3:39  Marine  
  37  3:40  Marine  
  39  3:42  SCV  
  40  3:49  Widow Mine  
  40  3:52  Marine  
  40  3:55  Marauder  
  45  4:00  Marauder  
  47  4:04  Marine  
  47  4:08  SCV  
  47  4:13  Starport  
  47  4:20  Supply Depot, Marauder  
  51  4:31  Marine, Marauder  
  52  4:39  Marine  
  51  4:54  Marauder x2, Marine  
  51  4:56  Marine  
  51  4:57  Medivac  
  59  5:02  Supply Depot  
  59  5:05  SCV  
  60  5:11  Marine  
  61  5:22  Widow Mine  
  61  5:24  Marauder  
  61  5:27  Medivac  
  67  5:32  Marine  
  67  5:33  Marauder  
  67  5:34  SCV  
Tags
 
Add a new tag
Caveats
  • Supply blocks, unpowered buildings, or Contaminate may cause inaccurate times.
  • Supply counts are checked every 10 seconds.